 Dungeon Crawl Stone Soup version 0.10.4 character file.

183 Ketharn the Charmwright (level 3, 0/27 HPs)
             Began as a Vampire Skald on May 30, 2017.
             Slain by a rat (2 damage)
             ... on Level 2 of the Dungeon.
             The game lasted 00:07:05 (2154 turns).

Ketharn the Charmwright (Vampire Skald)             Turns: 2154, Time: 00:07:05

HP   0/27        AC  3     Str 12      XL: 3   Next: 21%
MP   5/5         EV  8     Int 14      God:
Gold 144         SH 14     Dex 13      Spells:  0 memorised,  7 levels left

Res.Fire  : . . .   See Invis. : +   a - +0 short sword
Res.Cold  : . . .   Warding    : . . b - +0 leather armour
Life Prot.: + . .   Conserve   : .   o - +0 shield (curse)
Res.Acid. : . . .   Res.Corr.  : .   (no helmet)
Res.Poison: .       Clarity    : .   (no cloak)
Res.Elec. : .       Spirit.Shd : .   (no gloves)
Sust.Abil.: . .     Stasis     : .   (no boots)
Res.Mut.  : .       Ctrl.Telep.: .   (no amulet)
Res.Rott. : .       Levitation : .   (no ring)
Saprovore : . . .   Ctrl.Flight: .   (no ring)

@: slightly resistant to hostile enchantments, unstealthy
A: fangs 3, see invisible, unbreathing
a: Bat Form


You were on level 2 of the Dungeon.
You were not thirsty.

You visited 1 branch of the dungeon, and saw 2 of its levels.

You collected 124 gold pieces.

Inventory:

Hand weapons
 a - a +0,+0 short sword (weapon)
Missiles
 s - 7 curare-tipped +0 needles
Armour
 b - a +0 leather armour (worn)
 o - a cursed +0 shield (worn)
Scrolls
 e - a scroll of enchant armour {unknown}
 f - 2 scrolls of remove curse {unknown}
 j - 3 scrolls of random uselessness {unknown}
 k - a scroll of fear {unknown}
 m - 3 scrolls of identify {unknown}
 n - 3 scrolls of enchant weapon I {unknown}
 r - 3 scrolls of detect curse {unknown}
Potions
 g - a potion of brilliance {unknown}
 h - a potion of slowing {unknown}
 i - a potion of curing {unknown}
 l - a potion of agility {unknown}
Books
 c - a book of War Chants

   Spells                             Type                      Level
   Fire Brand                         Charms/Fire                  2
   Freezing Aura                      Charms/Ice                   2
   Shroud of Golubria                 Charms/Translocation         2
   Repel Missiles                     Charms/Air                   2
   Poison Weapon                      Charms/Poison                3
   Regeneration                       Charms/Necromancy            3


   Skills:
 + Level 2.1 Fighting
 + Level 2.9 Short Blades
 + Level 1.8 Armour
 + Level 1.5 Dodging
 + Level 1.1 Stealth
 + Level 0.2 Shields
 + Level 0.2 Traps & Doors
 + Level 2.5 Spellcasting
 + Level 3.2 Charms


You had 7 spell levels left.
You didn't know any spells.

Dungeon Overview and Level Annotations

Branches:
Dungeon (2/27)

Altars:
Fedhas
Nemelex Xobeh


Innate Abilities, Weirdness & Mutations

You have razor-sharp teeth.*
You have supernaturally acute eyesight.
You can survive without breathing.*


Message History

You hit the plant.
The plant is severely damaged.
The rat bites you but does no damage.
You hit the plant but do no damage. You bite the plant, but do no damage.
The plant is severely damaged.
The rat bites you.
* * * LOW HITPOINT WARNING * * *
You hit the plant.
The plant is severely damaged.
The rat bites you but does no damage.
You hit the plant.
The plant is severely damaged.
You block the rat's attack.
You hit the plant. You bite the plant, but do no damage.
The plant is severely damaged.
The rat barely misses you.
You hit the plant. You bite the plant, but do no damage.
The plant is severely damaged.
The rat bites you.
You die...

####### #(.fP.# ##########
#PP..P# .........# #.f_rP#
..#####.####f.Pf@################
..# #<.# #..fff..#..............
..# #..# #.#####.#.#############
..####%.###.#####.#.# #........
.........##.......(.# ##.......
.#####...##.........######(..####
.........##......................
###..#.#.##........#######...####
..#....#.##......)%# ####....


You could see a rat.

Vanquished Creatures
  A giant gecko (D:1)
  An ooze (D:2)
  6 bats
  A giant cockroach (D:1)
  6 hobgoblins
  3 jackals (D:2)
  3 kobolds
  5 giant newts
  4 goblins
  3 rats
  A toadstool (D:2)
34 creatures vanquished.

Vanquished Creatures (others)
  A fungus (D:2)
  2 toadstools
3 creatures vanquished.

Grand Total: 37 creatures vanquished

Notes
Turn   | Place    | Note
--------------------------------------------------------------
     0 | D:1      | Ketharn, the Vampire Skald, began the quest for the Orb.
     0 | D:1      | Reached XP level 1. HP: 16/16 MP: 2/2
   395 | D:1      | Reached skill level 1 in Armour
   395 | D:1      | Reached XP level 2. HP: 16/22 MP: 4/4
  1864 | D:2      | Found a sparkling altar of Nemelex Xobeh.
  1886 | D:2      | Reached XP level 3. HP: 17/27 MP: 5/5
  1964 | D:2      | Found a blossoming altar of Fedhas.
  1966 | D:2      | Reached skill level 1 in Stealth
  2154 | D:2      | Slain by a rat
